 Dungeon Crawl Stone Soup version 0.28-a0-998-gb9e9c7b67e (webtiles) character file.

Game seed: 6038966679753616564

134831 r3xj the Severer (level 16, -1/157 HPs)
             Began as a Minotaur Berserker on Dec 6, 2021.
             Was the Champion of Trog.
             Slain by a fenstrider witch (9 damage)
             ... on level 4 of the Swamp.
             The game lasted 01:51:33 (33945 turns).

r3xj the Severer (Minotaur Berserker)              Turns: 33945, Time: 01:51:44

Health: -1/157     AC: 21    Str: 37    XL:     16   Next: 63%
Magic:  0/15       EV: 24    Int:  8    God:    Trog [******]
Gold:   2098       SH:  0    Dex: 15    Spells: 15/15 levels left

rFire   + . .      SeeInvis +   a - +6 battleaxe of Veushisosacs {spect, rF+ SInv}
rCold   + . .      Faith    .   (shield currently unavailable)
rNeg    + . .      Spirit   +   v - +4 ring mail of Noxious Happiness {rC+ Str+4}
rPois   .          Reflect  .   (helmet restricted)
rElec   +          Harm     .   q - +2 cloak of Mirth {Int+4}
rCorr   .          Rampage  .   I - +0 pair of gloves of Pantheism {rElec rN+ Will- Str+2}
Will    .....                   x - +1 pair of boots
Stlth   +.........              p - amulet of guardian spirit
HPRegen 0.36/turn               e - +4 ring of evasion
MPRegen 0.14/turn               g - +6 ring of strength

@: lethally poisoned (-1 -> -21)
A: horns 2, retaliatory headbutt
a: Renounce Religion, Berserk, Trog's Hand, Brothers in Arms


You were on level 4 of the Swamp.
You worshipped Trog.
Trog was exalted by your worship.
You visited 6 branches of the dungeon, and saw 28 of its levels.
You also visited: Gauntlet and Ice Cave.

You collected 3819 gold pieces.
You spent 1721 gold pieces at shops.

Inventory:

Hand Weapons
 a - the +6 battleaxe of Veushisosacs (weapon) {spect, rF+ SInv}
   (You acquired it on level 8 of the Dungeon)

   When its wielder attacks, the weapon's spirit leaps out and strikes again.
   The spirit shares a part of any damage it takes with its wielder.
   rF:        It protects you from fire.
   SInv:      It lets you see invisible.
 b - a +5 battleaxe of flaming
 B - the +11 battleaxe of Idealism {vorpal, rElec rC- Str+2}
   (Trog gifted it to you on level 11 of the Dungeon)

   It inflicts extra damage upon your enemies.
   Str:       It affects your strength (+2).
   rC:        It makes you vulnerable to cold.
   rElec:     It insulates you from electricity.
 E - a +3 dire flail of holy wrath
 H - the +4 flail of No Interval {drain, rF+}
   (You found it on level 2 of the Swamp)

   A truly terrible weapon, it drains the life of any living foe it strikes.
   rF:        It protects you from fire.
 J - the +2 whip of Instant Death {flame, rPois Int-2 Dex+2 Stlth+}
   (You found it on level 6 of the Dungeon)

   It burns those it strikes, dealing additional fire damage.
   Int:       It affects your intelligence (-2).
   Dex:       It affects your dexterity (+2).
   rPois:     It protects you from poison.
   Stlth:     It makes you more stealthy.
 N - a +4 great mace
Missiles
 A - 83 poisoned darts (quivered)
 O - 2 throwing nets
Armour
 n - a +3 plate armour
 q - the +2 cloak of Mirth (worn) {Int+4}
   (You found it in a Gauntlet)

   Int:       It affects your intelligence (+4).
 v - the +4 ring mail of Noxious Happiness (worn) {rC+ Str+4}
   (You found it on level 1 of the Lair of Beasts)

   Str:       It affects your strength (+4).
   rC:        It protects you from cold.
 x - a +1 pair of boots (worn)
 I - the +0 pair of gloves of Pantheism (worn) {rElec rN+ Will- Str+2}
   (You found it on level 5 of the Dungeon)

   Str:       It affects your strength (+2).
   rElec:     It insulates you from electricity.
   rN:        It protects you from negative energy.
   Will:      It decreases your willpower.
 S - a +1 pair of gloves
Jewellery
 e - a +4 ring of evasion (left hand)
 g - a +6 ring of strength (right hand)
 j - a ring of protection from cold
 l - a ring of flight
 p - an amulet of guardian spirit (around neck)
Wands
 m - a wand of acid (19)
 t - a wand of paralysis (17)
 w - a wand of mindburst (3)
 D - a wand of digging (8)
 K - a wand of flame (34)
 M - a wand of polymorph (8)
 U - a wand of iceblast (31)
Scrolls
 c - 3 scrolls of blinking
 h - 10 scrolls of teleportation
 r - 3 scrolls of enchant weapon
 y - a scroll of holy word
 z - 4 scrolls of magic mapping
 L - 6 scrolls of fear
 P - 3 scrolls of enchant armour
 X - 5 scrolls of fog
Potions
 d - a potion of mutation
 f - 7 potions of curing
 i - 2 potions of invisibility
 k - a potion of resistance
 o - a potion of ambrosia
 s - 2 potions of haste
 u - 5 potions of might
 C - 3 potions of lignification
 G - 3 potions of magic
 V - a potion of berserk rage
 Y - 7 potions of flight
 Z - 3 potions of heal wounds
Miscellaneous
 F - a box of beasts
 R - a condenser vane


   Skills:
 + Level 17.7 Fighting
 - Level 20.0 Axes
 + Level 17.7 Armour
 + Level 16.5 Dodging


You had 15 spell levels left.
You didn't know any spells.
Your spell library was empty.

Dungeon Overview and Level Annotations

Branches:
Dungeon (14/15)            Temple (1/1) D:7            Lair (6/6) D:9
  Swamp (4/4) Lair:3        Snake (0/4) Lair:3        Slime (0/5) Lair:6
    Orc (2/2) D:12            Elf (1/3) Orc:2        Vaults (0/5) D:14
  IceCv (visited)         Gauntlet (visited)

Altars:
Ashenzari
Cheibriados
Dithmenos
Elyvilon
Fedhas
Gozag
Hepliaklqana
Kikubaaqudgha
Makhleb
Nemelex Xobeh
Okawaru
Qazlal
Ru
Sif Muna
Trog
Uskayaw
Vehumet
Wu Jian
Xom
Yredelemnul
Zin
The Shining One
Beogh

Shops:
D:6 =   D:8 [?   D:11 !   Orc:1 *:   Orc:2 *![:


Innate Abilities, Weirdness & Mutations

You have a pair of horns on your head.
You reflexively headbutt those who attack you in melee.


Message History

The fenstrider witch kicks you!
The spriggan rider hits you with a +1 spear of venom!
You are more poisoned.
You miss the spriggan rider.
Your headbutt misses the spriggan rider.
You miss the fenstrider witch.
Your +6 battleaxe of Veushisosacs {spect, rF+ SInv} misses the fenstrider witch.
You feel very sick.
The fenstrider witch casts a spell at you.
The toxic sludge misses you.
The spriggan rider hits you with a +1 spear of venom!
You are more poisoned.
You closely miss the spriggan rider.
Your headbutt misses the spriggan rider.
You miss the fenstrider witch.
Your +6 battleaxe of Veushisosacs {spect, rF+ SInv} closely misses the fenstrider witch.
You are no longer corroded.
You feel very sick.
The fenstrider witch points at you and mumbles some strange words.
Your body is wracked with pain!
* * * LOW HITPOINT WARNING * * *
The spriggan rider hits you with a +1 spear of venom!!
* * * LOW HITPOINT WARNING * * *
You hit the spriggan rider.
The spriggan rider is lightly wounded.
You hit the fenstrider witch.
Your +6 battleaxe of Veushisosacs {spect, rF+ SInv} barely misses the fenstrider witch.
* * * LOW HITPOINT WARNING * * *
You feel very sick.
The fenstrider witch points at you and mumbles some strange words.
Your body is wracked with pain!
* * * LOW HITPOINT WARNING * * *
You feel much better.
* * * LOW HITPOINT WARNING * * *
You feel extremely sick.
The spriggan druid casts a spell at you.
The stone arrow hits you!
* * * LOW HITPOINT WARNING * * *
The fenstrider witch hits you!
You die...

♣.≈.≈..≈≈≈..≈..≈≈..
♣.≈≈≈.≈≈≈......≈≈.
♣♣....≈.§.....≈≈.≈
♣≈.≈≈....≈.[...≈≈.
♣..≈........≈.≈..≈.
♣≈...≈≈≈≈≈≈.≈..≈... )
♣≈..≈≈.≈.....≈.≈.≈.
≈≈
♣♣..≈.≈...≈...§≈.≈.
.≈ ♣....≈..i@§..≈≈≈≈.
≈. ♣♣.....≈.)H..≈.≈≈≈
≈.
♣..≈≈≈.≈..≈......≈.
≈.
§≈.§......≈≈.≈......
≈.
≈..≈.≈..i≈...≈.≈≈≈..
..
....≈≈........§.≈≈.≈≈
..
..........§..≈.......
..
..≈≈.≈≈.....≈≈.......
≈.
...≈....≈.≈.≈......≈≈
≈.


You could see a fenstrider witch, a spriggan rider and a spriggan druid.

Vanquished Creatures
  Nikola (Swamp:1)
  A tentacled monstrosity (Swamp:4)
  Mlioglotl (Swamp:3)
  Frances (Swamp:1)
  A thorn hunter (Swamp:1)
  2 fenstrider witches (Swamp:4)
  A reaper (IceCv)
  An eleionoma (Swamp:2)
  A dire elephant (Lair:6)
  4 bunyips
  2 spark wasps (Swamp:3)
  A minotaur (Gauntlet)
  A green death (Swamp:4)
  A shambling mangrove (Swamp:4)
  3 boulder beetles
  An ice dragon (Lair:5)
  An ogre mage (Swamp:4)
  21 hydras
  A death knight (D:14)
  2 centaur warriors
  2 ghost crabs (Swamp:4)
  The ghost of avis the Brawler, a journeyman VSTm of Vehumet (Lair:5)
  8 two-headed ogres
  2 catoblepae (Lair:6)
  A deep troll shaman (Lair:6)
  5 alligators
  11 death yaks
  A spriggan berserker (Swamp:4)
  Sonja (D:13)
  2 thrashing horrors (Gauntlet)
  A soul eater (Swamp:4)
  2 swamp dragons
  8 goliath frogs
  5 spriggan druids
  2 bog bodies
  2 wizards
  8 orc knights
  A lindwurm (Lair:4)
  Pikel (D:4)
  2 deep elf pyromancers
  4 will-o-the-wisps
  2 orc sorcerers (Swamp:4)
  3 manticores
  4 ugly things (D:14)
  8 elephants
  A moth of wrath (Gauntlet)
  6 black mambas
  2 ice statues (IceCv)
  An orange demon (Swamp:4)
  11 cane toads
  2 unseen horrors
  An unseen horror (shapeshifter) (D:14)
  A komodo dragon (shapeshifter) (D:14)
  3 rime drakes (Lair:5)
  5 komodo dragons
  3 freezing wraiths (D:14)
  3 hellwings (Swamp:4)
  An entropy weaver simulacrum (IceCv)
  4 ice devils (IceCv)
  A troll (shapeshifter) (D:14)
  2 trolls
  7 hornets
  2 polar bears
  8 tyrant leeches
  Prince Ribbit (D:9)
  9 blink frogs
  6 dream sheep (Lair:6)
  4 slime creatures (D:12)
  6 spriggans
  2 shadows
  2 vampires
  3 wraiths
  71 yaks
  A dire elephant simulacrum (IceCv)
  6 basilisks
  2 small abominations (Gauntlet)
  Eustachio (D:4)
  3 wyverns
  A human (shapeshifter) (D:12)
  A neqoxec (Swamp:4)
  A steam dragon (D:9)
  5 death yak simulacra
  24 vampire mosquitoes
  8 wargs
  An acid dragon (D:12)
  A harpy simulacrum (IceCv)
  18 swamp worms
  A hydra simulacrum (Lair:5)
  27 water moccasins
  A hornet zombie (D:6)
  4 swamp drakes
  2 ice beasts
  36 orc warriors
  2 black bears
  3 sky beasts
  A necrophage (D:8)
  5 ogres
  39 wolves
  9 centaurs
  A lemure (D:4)
  A kobold brigand (D:8)
  A gnoll sergeant (D:8)
  15 bullfrogs
  2 two-headed ogre simulacra (IceCv)
  2 cane toad simulacra (IceCv)
  3 scorpions
  12 killer bees
  10 wights
  2 electric eels (Lair:1)
  A howler monkey (D:8)
  A rime drake simulacrum (Lair:5)
  The ghost of ytrimaz the Digger, a weakling OpEE (D:3)
  A komodo dragon simulacrum (Lair:5)
  2 centaur zombies
  2 lava snakes (D:8)
  5 jellies
  2 hounds
  14 orc priests
  A bullfrog skeleton (D:7)
  A gnoll shaman (D:8)
  A centaur skeleton (D:6)
  2 iguanas
  Crazy Yiuf (D:4)
  18 orc wizards
  3 spriggan simulacra (IceCv)
  A killer bee zombie (D:9)
  2 troll simulacra (IceCv)
  A wolf simulacrum (IceCv)
  A hound zombie (D:5)
  4 howler monkey zombies
  4 gnolls
  4 adders
  5 naga simulacra (IceCv)
  A shadow imp (D:7)
  16 white imps
  An ufetubus (D:6)
  An adder skeleton (D:4)
  A worm (D:3)
  3 dart slugs
  93 orcs
  6 ball pythons
  7 endoplasms
  2 giant cockroaches
  4 goblins
  6 hobgoblins
  4 jackals (D:3)
  3 quokkas
  10 bats
  2 frilled lizards
  6 kobolds
  4 rats
  A plant (Lair:6)
804 creatures vanquished.

Vanquished Creatures (others)
  A sixfirhy (Swamp:4)
  A tyrant leech (Swamp:1)
  A bloated husk (Swamp:1)
  16 foxfires
  34 fungi
  57 plants
110 creatures vanquished.

Grand Total: 914 creatures vanquished

Notes
Turn   | Place    | Note
-------+----------+-------------------------------------------
     0 | D:1      | r3xj the Minotaur Berserker began the quest for the Orb.
     0 | D:1      | Reached XP level 1. HP: 19/19 MP: 0/0
   349 | D:1      | Reached XP level 2. HP: 27/27 MP: 1/1
   497 | D:1      | Found a faded altar of an unknown god.
   574 | D:1      | Reached skill level 4 in Axes
   597 | D:1      | Reached XP level 3. HP: 20/33 MP: 2/2
   753 | D:1      | Reached ** piety under Trog
  1551 | D:2      | Reached XP level 4. HP: 30/40 MP: 3/3
  2344 | D:3      | Found a large runed translucent door.
  2344 | D:3      | Found a large runed translucent door.
  2346 | D:3      | Noticed ytrimaz's ghost (weakling OpEE)
  2369 | D:3      | Reached XP level 5. HP: 41/47 MP: 4/4
  2573 | D:3      | Found a glowing golden altar of the Shining One.
  2753 | D:3      | Killed ytrimaz's ghost
  2835 | D:4      | Reached *** piety under Trog
  2836 | D:4      | Reached skill level 5 in Fighting
  2836 | D:4      | Reached skill level 5 in Axes
  3056 | D:4      | Noticed a lemure
  3083 | D:4      | Killed a lemure
  3133 | D:4      | Noticed an ogre
  3138 | D:4      | Killed an ogre
  3139 | D:4      | Reached XP level 6. HP: 56/56 MP: 5/5
  3219 | D:4      | Noticed Pikel
  3259 | D:4      | Killed Pikel
  3260 | D:4      | Reached skill level 6 in Axes
  3260 | D:4      | Reached skill level 5 in Armour
  3260 | D:4      | Reached skill level 5 in Dodging
  3260 | D:4      | Reached XP level 7. HP: 63/63 MP: 6/6
  3427 | D:4      | Noticed Eustachio
  3453 | D:4      | Killed Eustachio
  3582 | D:4      | Found a shimmering blue altar of Sif Muna.
  3585 | D:4      | Found a broken altar of Ashenzari.
  3585 | D:4      | Found a shimmering altar of Xom.
  3587 | D:4      | Found a basalt altar of Yredelemnul.
  3587 | D:4      | Found an ornate altar of the Wu Jian Council.
  3587 | D:4      | Found a hazy altar of Hepliaklqana.
  3675 | D:4      | Found a runed translucent door.
  3676 | D:4      | Noticed Crazy Yiuf
  3891 | D:4      | Killed Crazy Yiuf
  3932 | D:5      | Entered Level 5 of the Dungeon
  3957 | D:5      | Reached skill level 7 in Axes
  3957 | D:5      | Reached XP level 8. HP: 59/70 MP: 7/7
  4119 | D:5      | Found an opulent altar of Gozag.
  4274 | D:5      | You fall into a shaft and drop 3 floors!
  4274 | D:8      | Noticed a hornet
  4279 | D:8      | Paralysed by a hornet for 1 turns
  4280 | D:8      | Killed a hornet
  4281 | D:8      | Reached skill level 8 in Axes
  4348 | D:8      | Reached skill level 9 in Axes
  4448 | D:8      | Noticed a two-headed ogre
  4456 | D:8      | Killed a two-headed ogre
  4457 | D:8      | Reached skill level 11 in Axes
  4457 | D:8      | Reached XP level 9. HP: 75/75 MP: 8/8
  4558 | D:7      | Found a stormy altar of Qazlal.
  4600 | D:8      | Reached skill level 12 in Axes
  4612 | D:8      | Reached skill level 13 in Axes
  4826 | D:8      | Found Zycut's Magic Scroll Emporium.
  4834 | D:8      | Bought a scroll of identify for 32 gold pieces
  4834 | D:8      | Bought a scroll of noise for 16 gold pieces
  4834 | D:8      | Bought 3 scrolls of identify for 96 gold pieces
  4841 | D:8      | Identified a scroll of acquirement
  4845 | D:8      | Acquired the +6 battleaxe of Veushisosacs {spect, rF+ SInv}
  4892 | D:8      | Reached skill level 14 in Axes
  4922 | D:8      | Noticed an unseen horror
  4924 | D:8      | Killed an unseen horror
  4925 | D:8      | Reached XP level 10. HP: 32/83 MP: 9/9
  5014 | D:8      | Noticed a four-headed hydra
  5150 | D:8      | Killed a seven-headed hydra
  5151 | D:8      | Reached skill level 15 in Axes
  5997 | D:8      | Found Argus's Dragon-Slaying Spoils.
  6001 | D:8      | Reached skill level 16 in Axes
  6597 | D:8      | Bought 3 scrolls of identify for 96 gold pieces
  6730 | D:7      | Found a snail-covered altar of Cheibriados.
  6962 | D:7      | Reached **** piety under Trog
  6978 | D:7      | Noticed a two-headed ogre
  6981 | D:7      | Killed a two-headed ogre
  7106 | D:7      | Found an ancient bone altar of Kikubaaqudgha.
  7170 | D:7      | Found a staircase to the Ecumenical Temple.
  7375 | D:7      | Reached skill level 17 in Axes
  8249 | D:5      | Identified the +0 pair of gloves of Pantheism {rElec rN+
                  | Will- Str+2}
  8308 | D:6      | Found Inaduv Paxku's Jewellery Shop.
  8385 | D:6      | Identified the +2 whip of Instant Death {flame, rPois Int-2
                  | Dex+2 Stlth+}
  8385 | D:6      | Noticed a two-headed ogre
  8392 | D:6      | Killed a two-headed ogre
  8632 | D:6      | Reached XP level 11. HP: 87/89 MP: 10/10
  9056 | Temple   | Entered the Ecumenical Temple
  9420 | D:9      | Reached skill level 18 in Axes
  9711 | D:9      | Found a staircase to the Lair.
  9854 | D:9      | Reached skill level 19 in Axes
 10149 | D:9      | Noticed Prince Ribbit
 10153 | D:9      | Killed Prince Ribbit
 10341 | D:10     | Entered Level 10 of the Dungeon
 10341 | D:10     | Found a hide-covered altar of Uskayaw.
 10464 | D:10     | Reached ***** piety under Trog
 10616 | D:10     | Found a bloodstained altar of Trog.
 11647 | Lair:1   | Entered Level 1 of the Lair of Beasts
 11796 | Lair:1   | Reached skill level 20 in Axes
 12683 | Lair:1   | Identified the +4 ring mail of Noxious Happiness {rC+
                  | Str+4}
 12732 | Lair:2   | Reached XP level 12. HP: 92/100 MP: 9/11
 12738 | Lair:2   | Received a gift from Trog
 13261 | Lair:2   | Noticed a four-headed hydra
 13270 | Lair:2   | Killed a three-headed hydra
 14531 | Lair:3   | Found a frozen archway.
 14640 | IceCv    | Entered an ice cave
 15208 | IceCv    | Noticed a reaper
 15220 | IceCv    | Killed a reaper
 15221 | IceCv    | Reached skill level 10 in Armour
 15614 | Lair:3   | Reached skill level 10 in Fighting
 15678 | Lair:3   | Noticed an eight-headed hydra
 15705 | Lair:3   | Noticed a seven-headed hydra
 15713 | Lair:3   | Killed a five-headed hydra
 15755 | Lair:3   | Killed a six-headed hydra
 15756 | Lair:3   | Reached XP level 13. HP: 97/113 MP: 9/12
 15816 | Lair:3   | Found a staircase to the Swamp.
 15952 | Lair:3   | Found a staircase to the Snake Pit.
 15958 | Lair:3   | Received a gift from Trog
 16090 | Lair:3   | Reached skill level 10 in Dodging
 18223 | Lair:5   | Reached ****** piety under Trog
 18311 | Lair:5   | Found a runed translucent gate.
 18377 | Lair:5   | Found a runed translucent gate.
 18378 | Lair:5   | Found a runed translucent gate.
 18455 | Lair:5   | Noticed avis's ghost (journeyman VSTm)
 18781 | Lair:5   | Killed avis's ghost
 19258 | Lair:6   | Entered Level 6 of the Lair of Beasts
 19342 | Lair:6   | Found a gate leading to a gauntlet.
 19350 | Gauntlet | Entered a Gauntlet
 19350 | Gauntlet | Found a transporter.
 19350 | Gauntlet | Found a transporter.
 19351 | Gauntlet | Found a transporter.
 19353 | Gauntlet | Found a transporter.
 19353 | Gauntlet | Found a transporter.
 19355 | Gauntlet | Found a transporter.
 19361 | Gauntlet | Found a transporter.
 19363 | Gauntlet | Found a transporter.
 19364 | Gauntlet | Found a transporter.
 19366 | Gauntlet | Found a transporter.
 19375 | Gauntlet | Found a transporter.
 19375 | Gauntlet | Found a transporter.
 19592 | Gauntlet | Reached XP level 14. HP: 127/127 MP: 13/13
 19632 | Gauntlet | Identified the +2 cloak of Mirth {Int+4}
 19859 | Gauntlet | Identified the +10 quarterstaff "Undertaker" {antimagic,
                  | Str+3}
 19982 | Lair:6   | Received a gift from Trog
 20018 | Lair:6   | Found a staircase to the Slime Pits.
 22099 | D:8      | Bought a scroll of acquirement for 832 gold pieces
 22102 | D:8      | Acquired 878 gold pieces
 22104 | D:8      | Bought a scroll of magic mapping for 56 gold pieces
 22104 | D:8      | Bought a scroll of teleportation for 48 gold pieces
 22251 | D:11     | Identified the +11 battleaxe of Idealism {vorpal, rElec rC-
                  | Str+2} (Trog gifted it to you on level 11 of the Dungeon)
 22251 | D:11     | Received a gift from Trog
 22534 | D:11     | Found Goho's Distillery.
 22818 | D:11     | Bought a potion of heal wounds for 85 gold pieces
 22818 | D:11     | Bought a potion of heal wounds for 85 gold pieces
 23321 | D:12     | Identified the +0 robe of Sophism {Archmagi}
 23657 | D:12     | Found a staircase to the Orcish Mines.
 24181 | Orc:1    | Entered Level 1 of the Orcish Mines
 24291 | Orc:1    | Found Xoddaankyo's Book Emporium.
 24433 | Orc:1    | Found Fuha's General Store.
 24438 | Orc:1    | Bought a scroll of identify for 32 gold pieces
 24438 | Orc:1    | Bought a scroll of teleportation for 48 gold pieces
 24438 | Orc:1    | Bought a scroll of teleportation for 48 gold pieces
 24739 | Orc:2    | Entered Level 2 of the Orcish Mines
 24803 | Orc:2    | Received a gift from Trog
 24840 | Orc:2    | Reached XP level 15. HP: 139/139 MP: 14/14
 25370 | Orc:2    | Found a staircase to the Elven Halls.
 25400 | Orc:2    | Found Xumycsae's Antique Armour Shoppe.
 25679 | Orc:2    | Found Mamatt's Book Boutique.
 25765 | Orc:2    | Bought a pair of embroidered boots for 247 gold pieces
 25856 | Orc:2    | Found Fioqelaph's General Store.
 25856 | Orc:2    | Found Xeontuu's Distillery.
 25859 | Orc:2    | Reached skill level 15 in Armour
 25870 | Orc:2    | Reached skill level 15 in Fighting
 26480 | Elf:1    | Entered Level 1 of the Elven Halls
 27084 | D:13     | Noticed Sonja
 27102 | D:13     | Killed Sonja
 27408 | D:14     | Found a gate to the Vaults.
 27444 | D:14     | Received a gift from Trog
 28795 | Swamp:1  | Entered Level 1 of the Swamp
 29024 | Swamp:1  | Noticed Frances
 29038 | Swamp:1  | Killed Frances
 29092 | Swamp:1  | Noticed a thorn hunter
 29100 | Swamp:1  | Killed a thorn hunter
 29106 | Swamp:1  | Noticed Nikola
 29302 | Swamp:1  | Killed Nikola
 30368 | Swamp:2  | Reached skill level 15 in Dodging
 30923 | Swamp:2  | Identified the +4 flail of No Interval {drain, rF+}
 31606 | Swamp:3  | Reached XP level 16. HP: 105/152 MP: 11/15
 32359 | Swamp:3  | Noticed Mlioglotl
 32364 | Swamp:3  | Killed Mlioglotl
 32364 | Swamp:3  | Received a gift from Trog
 32735 | Swamp:4  | Entered Level 4 of the Swamp
 33089 | Swamp:4  | Paralysed by an orc sorcerer for 2 turns
 33527 | Swamp:4  | Noticed a tentacled monstrosity
 33544 | Swamp:4  | Killed a tentacled monstrosity
 33926 | Swamp:4  | Paralysed by a fenstrider witch for 3 turns
 33945 | Swamp:4  | Slain by a fenstrider witch

Illustrated notes

Levels and vault maps discovered:
D:1:      dpeg_arrival_windows_large_door, layout_rooms,
          chequers_ecumenical_altar_simple
D:2:      layout_basic
D:3:      layout_basic, mainiacjoe_overflow_brackets,
          ebering_ghost_disaster_area
D:4:      layout_basic, doesnt_xom_only_xom, uniq_crazy_yiuf_cottage,
          uniq_pikel, uniq_eustachio
D:5:      layout_loops_ring, mainiacjoe_overflow_paths
D:6:      layout_loops_ring, serial_shops, kennysheep_mini
D:7:      layout_cave_pods, kennysheep_slug_shrine,
          nicolae_overflow_hidden_temple, kiku_gazebo_pond_becter,
          minmay_temple_entry_purple_smoke, minmay_a_box_with_orc_wizards_in_it
D:8:      cheibrodos_ideogram_h, layout_basic, serial_shops, shop, minivault_22,
          kennysheep_diamond, hex_tiny, hangedman_abyss_or_decor_clamps,
          nicolae_shop_dragon_depot
D:9:      layout_gridville, david_lair_generic, uniq_prince_ribbit1
D:10:     layout_irregular_city, nicolae_overflow_crystal_walls,
          mainiacjoe_overflow_small_starburst, patterned_corridor
D:11:     layout_layer_cave, serial_shops, nicolae_inconvenience_store
D:12:     layout_roguey, hiddenorc2_lemuel
D:13:     layout_layer_cave, uniq_sonja
D:14:     layout_roguey, david_vaults_2, minmay_misc_feat_four_crosses
Temple:   eino_temple_lava
Lair:1:   layout_gridlike, serial_bayou_shore_a
Lair:2:   layout_layer_cave
Lair:3:   layout_roguey, palyth_hydra_swamp_entry,
          minmay_snake_entry_six_corridors, portal_ice_cave_entry_imps
Lair:4:   layout_loops_ring
Lair:5:   layout_roguey, gammafunk_ghost_icy, grunt_forest_small_clearings,
          grunt_forest_large_clearings, lemuel_fruit_fields
Lair:6:   grunt_lair_end_beastmaster, layout_regular_city,
          nicolae_slime_entry_slimehenge, gauntlet_entry_generic
Swamp:1:  layout_basic_swamp, hangedman_swamp_cone, swamp_pool5,
          infiniplex_staircase_pool, uniq_frances, uniq_nikola
Swamp:2:  layout_basic_swamp, nicolae_swamp_ascending_descending
Swamp:3:  layout_falls_marsh, evilmike_swamp_ruin_house_5, swamp_pool4,
          nicolae_swamp_catching_bugs, uniq_mlioglotl
Swamp:4:  nzn_swamp_witches_coven, layout_basic_swamp
Orc:1:    layout_diamond_mine, serial_shops, nicolae_shop_hallway_plus, shop
Orc:2:    st_orc_town, layout_caves, nicolae_orc_crystal_geode
Elf:1:    minmay_elf_arrival_summoners, layout_gridlike, minivault_28,
          nicolae_twisting_strands, drop_trap, amethyst_killhole

Skill      XL: |  1  2  3  4  5  6  7  8  9 10 11 12 13 14 15 16 |
---------------+-------------------------------------------------+-----
Axes           | 4 5 6 7 11 14 17 20 | 20.0
Fighting       | 4 5 6 7 10 12 14 16 17 | 17.7
Armour         | 3 4 5 6 7 10 12 14 16 17 | 17.7
Dodging        | 3 4 5 6 9 11 13 15 16 | 16.5

Action                   |  1- 3 |  4- 6 |  7- 9 | 10-12 | 13-15 | 16-18 || total
-------------------------+-------+-------+-------+-------+-------+-------++-------
Melee: Hand axe          |    71 |    61 |       |       |       |       ||   132
       Headbutt          |    11 |    19 |    15 |    74 |   196 |    46 ||   361
       War axe           |       |    15 |    78 |       |       |       ||    93
       Battleaxe         |       |       |    19 |   332 |   718 |   156 ||  1225
Invok: Berserk           |       |     3 |     7 |     4 |    10 |     2 ||    26
  Use: Scroll            |       |       |    10 |     9 |    12 |     1 ||    32
       Potion            |       |       |       |       |     1 |     2 ||     3
 Stab: Sleeping          |     1 |       |       |     1 |       |       ||     2
       Distracted        |       |       |     2 |     3 |     5 |     6 ||    16
       Petrified         |       |       |       |       |     4 |       ||     4
Armor: Animal skin       |    13 |       |       |       |       |       ||    13
       Leather armour    |    11 |     1 |       |       |       |       ||    12
       Scale mail        |       |    17 |    27 |    46 |       |       ||    90
       Ring mail         |       |       |       |    23 |   197 |    59 ||   279
Dodge: Dodged            |    67 |    46 |    64 |   191 |   498 |   144 ||  1010

Table legend: (Time is in decaauts)
 A = Elapsed time spent in this place.
 B = Non-inter-level travel time spent in this place.
 C = Inter-level travel time spent in this place.
 D = Time resting spent in this place.
 E = Time spent auto-exploring this place.
 F = Levels seen in this place.
 G = Mean time per level.
                   A        B        C        D        E       F      G
               +--------+--------+--------+--------+--------+-----+--------+
         Total |  34087 |  31482 |   2605 |   7718 |  18745 |  30 | 1136.2 |
       Dungeon |  15917 |  14341 |   1576 |   2333 |   9876 |  14 | 1136.9 |
        Temple |     63 |     55 |      8 |      0 |     47 |   1 |   63.0 |
          Lair |   9200 |   8401 |    799 |   1940 |   5388 |   6 | 1533.3 |
         Swamp |   4980 |   4861 |    119 |   2227 |   1647 |   4 | 1245.0 |
  Orcish Mines |   2370 |   2268 |    102 |    820 |   1105 |   2 | 1185.0 |
   Elven Halls |      1 |      1 |      0 |      0 |      0 |   1 |    1.0 |
      Ice Cave |    941 |    941 |      0 |    384 |    327 |   1 |  941.0 |
      Gauntlet |    611 |    611 |      0 |     13 |    354 |   1 |  611.0 |
               +--------+--------+--------+--------+--------+-----+--------+

Top non-repeatable levels by time:
  Lair:6: 2039 daAuts
     D:8: 1999 daAuts
  Lair:2: 1786 daAuts
  Lair:5: 1654 daAuts
 Swamp:1: 1597 daAuts
  Lair:3: 1544 daAuts
     D:7: 1527 daAuts
     D:1: 1339 daAuts
   Orc:2: 1331 daAuts
 Swamp:3: 1255 daAuts
 Swamp:4: 1230 daAuts
    D:14: 1215 daAuts
     D:9: 1188 daAuts
    D:10: 1176 daAuts
  Lair:1: 1134 daAuts
